 Dungeon Crawl Stone Soup version 0.19.0-11-g3fc08b3 (webtiles) character file.

258 MovingMist the Skirmisher (level 5, 0/54 HPs)
             Began as a Troll Monk on Nov 8, 2016.
             Was a Follower of Ru.
             Slain by an orc wizard
             ... wielding a +0 dagger
              (4 damage)
             ... on level 4 of the Dungeon.
             The game lasted 00:09:02 (2426 turns).

MovingMist the Skirmisher (Troll Monk)              Turns: 2426, Time: 00:09:03

Health: 0/54       AC:  5    Str: 20    XL:     5   Next: 94%
Magic:  4/4        EV: 11    Int:  6    God:    Ru [*.....]
Gold:   252        SH:  0    Dex: 12    Spells: 0 memorised, 4 levels left

rFire  x . .     SeeInvis .     e - +1 dagger (drain)
rCold  + . .     Gourm    +     a - +0 robe
rNeg   . . .     Faith    .     (no shield)
rPois  .         Spirit   .     (helmet restricted)
rElec  .         Reflect  .     (no cloak)
rCorr  .         Harm     .     (gloves unavailable)
MR     .....                    (boots unavailable)
Stlth  ++........               (no amulet)
                                (no ring)
                                g - ring of ice

@: no status effects
A: unfitting armour, claws 3, fast metabolism 3, gourmand, regeneration 1,
shaggy fur 1, tough skin 2, no ice magic, no necromancy magic, no summoning
magic
a: Renounce Religion


You were on level 4 of the Dungeon.
You worshipped Ru.
Ru was aware of your devotion.
You were not hungry.

You visited 2 branches of the dungeon, and saw 5 of its levels.

You collected 252 gold pieces.

Inventory:

Hand Weapons
 e - a +1 dagger of draining (weapon)
Armour
 a - a +0 robe (worn)
Jewellery
 g - a ring of ice (left claw)
 j - a +1 ring of protection {unknown}
Wands
 h - a wand of iceblast (6/15)
Scrolls
 d - 6 scrolls of identify {unknown}
 f - a scroll of magic mapping {unknown}
 l - 2 scrolls of teleportation {unknown}
 p - 2 scrolls of random uselessness {unknown}
 r - a scroll of noise {unknown}
 w - a scroll of recharging {unknown}
Potions
 i - 2 potions of curing {unknown}
 k - 2 potions of lignification {unknown}
 o - a potion of degeneration {unknown}
 s - 2 potions of mutation {unknown}
 t - a potion of brilliance {unknown}
 u - 2 potions of agility {unknown}
Comestibles
 b - 3 bread rations
 c - a slice of pizza
 m - a royal jelly
 n - 2 fruits
 q - 2 meat rations
 v - a beef jerky


   Skills:
 * Level 4.2 Fighting
 + Level 3.5 Dodging
 - Level 1.0 Stealth
 + Level 4.1 Unarmed Combat


You had 4 spell levels left.
You didn't know any spells.

Dungeon Overview and Level Annotations

Branches:
Dungeon (4/15)             Temple (1/1) D:4

Altars:
Cheibriados
Fedhas
Kikubaaqudgha
Makhleb
Nemelex Xobeh
Okawaru
Ru
Sif Muna
Trog
Uskayaw
Vehumet
Xom
Yredelemnul
Zin
The Shining One


Innate Abilities, Weirdness & Mutations

You are too large for most types of armour.
You have claws for hands.
Your metabolism is lightning-fast.
You like to eat raw meat.
Your natural rate of healing is unusually fast.
You are covered in fur. (AC +1)
You have very tough skin. (AC +2)
You cannot study or cast Ice magic.
You cannot study or cast Necromancy magic.
You cannot study or cast Summoning magic.


Message History

Something hits you but does no damage. x2
Something hits you but does no damage.
Items here: ))) [[ a club; a dagger; a robe; a dagger; a robe There isn't anything to butcher here.
You hit something but do no damage. Something hits you but does no damage.
You hit something but do no damage. You hit something but do no damage.
Something hits you.
* * * LOW HITPOINT WARNING * * *
Something hits you.
* * * LOW HITPOINT WARNING * * *
You hear some strange, mumbled words.
A puff of frost appears from out of thin air!
The puff of frost hits you! You resist.
* * * LOW HITPOINT WARNING * * *
Something hits you but does no damage.
You hear some strange, mumbled words.
A puff of flame appears from out of thin air!
The puff of flame hits something.
Something hits you.
You die...

#..# ###########.# ..# ...
...#.#....)...##.##..#....
#..#.#........##..#..#....
#..#.#........##..#.......
#....+....................
#.##.#....................
#.##.#.........#.#{.......
..................).......
#........[.###.#@##..$....
#.##.####### #.#.# .......
#.##.# #.#.# #......
#.##.# #.#.# ...... #.##.#
#.#.# .##### #.##.# #.# #
#.##.# #.# #.##.# #.#
#.##..


There were no monsters in sight!

Vanquished Creatures
  A hound (D:2)
  2 orc wizards (D:4)
  Jessica (D:2)
  A gnoll (D:1)
  4 adders
  An ooze (D:1)
  3 worms (D:2)
  3 leopard geckos
  5 orcs
  18 giant cockroaches
  6 goblins
  4 hobgoblins
  5 jackals
  A quokka (D:3)
  A ball python (D:2)
  7 bats
  2 frilled lizards
  14 kobolds
  5 rats (D:1)
84 creatures vanquished.

Notes
Turn   | Place    | Note
-------+----------+-------------------------------------------
     0 | D:1      | MovingMist the Troll Monk began the quest for the Orb.
     0 | D:1      | Reached XP level 1. HP: 22/22 MP: 0/0
    89 | D:1      | Reached XP level 2. HP: 26/29 MP: 1/1
   249 | D:1      | Reached XP level 3. HP: 33/36 MP: 2/2
   557 | D:2      | Reached XP level 4. HP: 45/45 MP: 3/3
   714 | D:2      | Noticed Jessica
   724 | D:2      | Killed Jessica
   812 | D:2      | Reached XP level 5. HP: 52/53 MP: 4/4
   813 | D:2      | Found a burning altar of Makhleb.
  1349 | D:3      | Found a sacrificial altar of Ru.
  1817 | D:3      | Found a faded altar of an unknown god.
  1817 | D:3      | Found a bloodstained altar of Trog.
  1829 | D:3      | Found a faded altar of an unknown god.
  1831 | D:3      | Found a faded altar of an unknown god.
  1832 | D:3      | Found a faded altar of an unknown god.
  2089 | D:4      | Found a staircase to the Ecumenical Temple.
  2199 | Temple   | Entered the Ecumenical Temple
  2345 | D:3      | Became a worshipper of Ru the Awakened
  2359 | D:4      | Gained mutation: You cannot study or cast Ice magic. [Ru sacrifice]
  2359 | D:4      | Gained mutation: You cannot study or cast Necromancy magic. [Ru sacrifice]
  2359 | D:4      | Gained mutation: You cannot study or cast Summoning magic. [Ru sacrifice]
  2359 | D:4      | Reached * piety under Ru
  2426 | D:4      | Slain by an orc wizard

Skill      XL: |  1  2  3  4  5 |
---------------+----------------+-----
Fighting       | 3 4 |  4.2
Dodging        | 3 |  3.5
Unarmed Combat | 4 |  4.1
Stealth        | |  1.0

Action                   |  1- 3 |  4- 6 || total
-------------------------+-------+-------++-------
Melee: Unarmed           |    19 |       ||    19
       Dagger            |   116 |   150 ||   266
       Punch             |       |     2 ||     2
Invok: Sacrifice Arcana  |       |     1 ||     1
 Stab: Sleeping          |     1 |     1 ||     2
  Eat: Chunk             |     8 |    14 ||    22
Armor: Robe              |    62 |    46 ||   108
Dodge: Dodged            |    89 |    64 ||   153
